 Dungeon Crawl Stone Soup version 0.29-a0-284-gf9362112df (webtiles) character file.

Game seed: 15587728045478993609

1 sammy202020 the Skirmisher (level 1, 18/18 HPs)
             Began as a Demonspawn Berserker on Mar 29, 2022.
             Was a Follower of Trog.
             Quit the game on level 1 of the Dungeon.
             The game lasted 00:00:10 (126 turns).

sammy202020 the Skirmisher (Demonspawn Berserker)    Turns: 126, Time: 00:00:11

Health: 18/18      AC:  2    Str: 17    XL:     1   Next: 16%
Magic:  1/1        EV: 12    Int:  8    God:    Trog [*.....]
Gold:   7          SH:  0    Dex: 12    Spells: 0/0 levels left

rFire   . . .      SeeInvis .   a - +0 hand axe
rCold   . . .      Faith    .   (no shield)
rNeg    . . .      Spirit   .   b - +0 animal skin
rPois   .          Reflect  .   (no helmet)
rElec   .          Harm     .   (no cloak)
rCorr   .          Rampage  .   (no gloves)
Will    .....                   (no boots)
Stlth   +.........              (no amulet)
HPRegen 0.06/turn               (no ring)
MPRegen 0.07/turn               (no ring)

@: no status effects
A: no striking features
a: Renounce Religion, Berserk


You were on level 1 of the Dungeon.
You worshipped Trog.
Trog was aware of your devotion.
You visited 1 branch of the dungeon, and saw 1 of its levels.

You collected 7 gold pieces.

Inventory:

Hand Weapons
 a - a +0 hand axe (weapon)
Armour
 b - a +0 animal skin (worn)


   Skills:
 * Level 3.0 Fighting
 * Level 2.7 Axes
 * Level 1.8 Armour
 + Level 1.7 Dodging


You couldn't memorise any spells.
You didn't know any spells.
Your spell library was empty.

Dungeon Overview and Level Annotations

Branches:
Dungeon (1/15)

Altars:


Message History

Trog says: Kill them all!
Press ? for a list of commands and other information.
Found a staircase leading out of the dungeon.
A quokka comes into view.
A quokka is nearby!
The helpless quokka fails to defend itself.
You hit the quokka but do no damage. The quokka bites you.
You hit the quokka.
The quokka is moderately wounded.
The quokka closely misses you. The quokka barely misses you.
You barely miss the quokka.
The quokka is lightly wounded.
The quokka misses you.
You hit the quokka but do no damage.
The quokka is lightly wounded.
The quokka closely misses you.
You hit the quokka.
The quokka is moderately wounded.
The quokka completely misses you. The quokka misses you.
You barely miss the quokka.
The quokka is moderately wounded.
The quokka bites you.
You hit the quokka.
The quokka is severely wounded.
The quokka barely misses you.
You hit the quokka.
The quokka is almost dead.
The quokka closely misses you. The quokka bites you.
You hit the quokka.
You kill the quokka!
Trog accepts your kill.
No target in view!
No target in view!
HP restored.
You now have 7 gold pieces.
Found a stone staircase leading down.
There is a stone staircase leading down here.
A ball python comes into view.
The ball python hisses angrily.
Are you sure you want to abandon this character and quit the game? (Confirm with "yes".)

.......###########
..####...........#
..# ###########.#
.## #.# .## #.#
..# #.# #.# #.#
#.# #># ## #@# #.#
#.# #.# #.# #.#
#S# #.#


You could see a ball python.

Vanquished Creatures
  A quokka (D:1)
1 creature vanquished.

Notes
Turn   | Place    | Note
-------+----------+-------------------------------------------
     0 | D:1      | sammy202020 the Demonspawn Berserker began the quest for
                  | the Orb.
     0 | D:1      | Reached XP level 1. HP: 18/18 MP: 1/1
   126 | D:1      | Quit the game

Illustrated notes

Levels and vault maps discovered:
D:1:      spicycebolla_arrival_xxxplode, layout_rooms, minivault_5,
          chequers_serial_rivers_large_a

Action                   || total
-------------------------++-------
Melee: Hand axe          ||     9
 Stab: Sleeping          ||     1
Dodge: Dodged            ||     8

Table legend: (Time is in decaauts)
 A = Elapsed time spent in this place.
 B = Non-inter-level travel time spent in this place.
 C = Inter-level travel time spent in this place.
 D = Time resting spent in this place.
 E = Time spent auto-exploring this place.
 F = Levels seen in this place.
 G = Mean time per level.
                   A        B        C        D        E       F      G
               +--------+--------+--------+--------+--------+-----+--------+
         Total |    127 |    127 |      0 |      0 |    112 |   1 |  127.0 |
       Dungeon |    127 |    127 |      0 |      0 |    112 |   1 |  127.0 |
               +--------+--------+--------+--------+--------+-----+--------+

Top non-repeatable levels by time:
     D:1: 127 daAuts
